 Dungeon Crawl Stone Soup version 0.31-a0-217-g58bb5d79cf (webtiles) character file.

Game seed: 5726762226434146364

25 qw the Shooter (level 2, 0/24 HPs)
             Began as a Minotaur Hexslinger on July 2, 2023.
             Slain by an adder (2 damage)
             ... on level 2 of the Dungeon.
             The game lasted 00:00:18 (540 turns).

qw the Shooter (Minotaur Hexslinger)                 Turns: 540, Time: 00:00:19

Health: 0/24       AC:  4    Str: 12    XL:     2   Next: 82%
Magic:  2/2        EV: 11    Int: 10    God:
Gold:   26         SH:  0    Dex: 12    Spells: 2/3 levels left

rFire   . . .        Y - +1 sling
rCold   . . .        (no shield)
rNeg    . . .        e - +0 leather armour
rPois   .            (helmet restricted)
rElec   .            (no cloak)
rCorr   .            (no gloves)
SInv    .            h - +0 pair of boots
Will    .....        (no amulet)
Stlth   +            (no ring)
HPRegen 0.24/turn    (no ring)
MPRegen 0.08/turn

%: no passive effects
@: lethally poisoned (0 -> -5)
A: horns 2, retaliatory headbutt
a: no special abilities


You were on level 2 of the Dungeon.
You visited 1 branch of the dungeon, and saw 2 of its levels.

You collected 26 gold pieces.


Innate Abilities, Weirdness & Mutations

You have a pair of horns on your head.
You reflexively headbutt those who attack you in melee.


   Skills:
 - Level 2.0 Fighting
 + Level 3.4 Ranged Weapons
 - Level 2.1 Dodging
 - Level 1.0 Spellcasting
 - Level 2.0 Hexes


You had 2 spell levels left.
You knew the following spells:

 Your Spells              Type           Power      Damage    Failure   Level
a - Slow                  Hex            16%        N/A       19%         1

Your spell library contained the following spells:

 Spells                   Type           Power      Damage    Failure   Level
 Inner Flame              Hex/Fire       2%         N/A       65%         3
 Portal Projectile        Hex/Tloc       4%         N/A       65%         3
 Cause Fear               Hex            2%         N/A       88%         4

Inventory:

Hand Weapons
 Y - a +1 sling (weapon)
Armour
 a - a +0 cloak
 e - a +0 leather armour (worn)
 h - a +0 pair of boots (worn)
Potions
 f - a potion of mutation {unknown}
 g - a potion of invisibility {unknown}
 i - a potion of heal wounds {unknown}

Dungeon Overview and Level Annotations

Branches:
Dungeon (2/15)

Altars:


Message History

You shoot a sling bullet.
The sling bullet closely misses the adder.
You shoot a sling bullet. The sling bullet misses the adder.
The adder bites you.
You are poisoned.
The adder poisons you!
You shoot a sling bullet.
The sling bullet closely misses the adder.
You feel sick.
The adder bites you but does no damage. x2
You shoot a sling bullet.
The sling bullet barely misses the adder.
You feel sick. The adder bites you.
You shoot a sling bullet. The sling bullet hits the adder.
The adder is heavily wounded.
You feel sick.
You are no longer poisoned.
The adder bites you but does no damage. The adder closely misses you.
You shoot a sling bullet.
The sling bullet barely misses the adder.
The adder bites you but does no damage. The adder barely misses you.
You shoot a sling bullet. The sling bullet hits the adder.
The adder is heavily wounded.
The adder closely misses you.
You shoot a sling bullet.
The sling bullet barely misses the adder.
The adder bites you.
You are poisoned.
The adder poisons you! The adder misses you.
You shoot a sling bullet.
The sling bullet barely misses the adder.
You feel sick. The adder bites you. x2
You are lethally poisoned!
The adder poisons you!
You shoot a sling bullet. The sling bullet misses the adder.
You feel very sick. The adder closely misses you.
You shoot a sling bullet.
The sling bullet closely misses the adder.
You feel sick. The adder bites you.
You die...

###..# #.# #...#
####.#####.##########
.....................
##.##....##########
#.##.####
..#####.#..######
..................
..$...S@.....####.
..#####......#
#........# #........#
.........#
##........#
#........# ...#.....#


You could see an adder.

Vanquished Creatures
  3 bats (D:1)
  4 endoplasms (D:1)
  2 giant cockroaches (D:1)
  2 goblins (D:1)
  3 hobgoblins (D:1)
  3 frilled lizards (D:1)
  2 kobolds (D:1)
  3 rats
22 creatures vanquished.

Notes
Turn   | Place    | Note
-------+----------+-------------------------------------------
     0 | D:1      | qw the Minotaur Hexslinger began the quest for the Orb.
     0 | D:1      | Reached XP level 1. HP: 16/16 MP: 1/1
     0 | D:1      | 0 ||| qw: Version: 0.3-a-40-ge99b1a8
     0 | D:1      | 0 ||| qw: Game counter: 209
     0 | D:1      | 0 ||| qw: Melee chars always use a shield: true
     0 | D:1      | 0 ||| qw: God list: Okawaru
     0 | D:1      | 0 ||| qw: Allow faded altars: false
     0 | D:1      | 0 ||| qw: Do Orc after clearing Dungeon:15 true
     0 | D:1      | 0 ||| qw: Do second Lair branch before Depths: true
     0 | D:1      | 0 ||| qw: Lair rune preference: random
     0 | D:1      | 0 ||| qw: Goals: Normal
     0 | D:1      | 0 ||| PLANNING D:1-11
   127 | D:1      | Reached skill level 3 in Ranged Weapons
   131 | D:1      | Reached XP level 2. HP: 23/23 MP: 2/2
   475 | D:1      | 475 ||| UPGRADING to +0 leather armour.
   485 | D:1      | 485 ||| DROPPING +0 robe.
   486 | D:1      | 486 ||| UPGRADING to +0 pair of boots.
   491 | D:1      | 491 ||| READING scroll labelled GEAQ HUERU.
   492 | D:1      | 492 ||| DROPPING scroll of poison.
   539 | D:2      | HP: 4/24 [poisoned by an adder]
   540 | D:2      | Slain by an adder

Levels and vault maps discovered:
D:1:      psy_arrival_dodecagon, layout_rooms
D:2:      layout_basic, hellmonk_ecumenical_altar_heavens_door

Skill      XL: |  1  2 |
---------------+-------+-----
Ranged Weapons | 3 |  3.4
Fighting       | 2 |  2.0
Dodging        | |  2.1
Spellcasting   | |  1.0
Hexes          | |  2.0

Action                     || total
---------------------------++-------
   Fire: Sling             ||    78
    Use: Scroll            ||     1
 Armour: Robe              ||     5
         Leather armour    ||     4
  Dodge: Dodged            ||    19

Table legend:
 A = Non-vault XP
 B = Vault XP
 C = Vault XP percentage of total XP
 D = Non-vault monster count
 E = Vault monster count
 F = Vault count percentage of total count
                 A         B        C        D         E       F
            +---------+---------+-------+---------+---------+-------
      Total |      36 |       0 |   0.0 |      22 |       0 |   0.0
            +---------+---------+-------+---------+---------+-------
        D:1 |      35 |       0 |   0.0 |      21 |       0 |   0.0
        D:2 |       1 |       0 |   0.0 |       1 |       0 |   0.0
            +---------+---------+-------+---------+---------+-------
